Map: Lerilak Crest

Players

RayReign

  • Race: Protoss Protoss
  • League: Diamond

SolaCe (Nina) - Winner!

  • Race: Protoss Protoss
  • League: Diamond

Event: ASL Season 5 Prime League LOTV Beta

VOD

Have the link to the VOD?

Description

Time

  • Played on: Sept. 19, 2015, 10:36 p.m.
  • Length: 9:39

All games in this series

Show
View Real Time Build Order
Export as new Build Order

RayReign Protoss 

Build Orders:  

Get SALT Encoding   

  12  0:00  Probe (Chrono Boost)  
  13  0:10  Probe (Chrono Boost)  
  14  0:19  Pylon  
  14  0:21  Probe (Chrono Boost)  
  15  0:37  Probe (Chrono Boost)  
  15  0:38  Gateway  
  16  0:47  Probe (Chrono Boost)  
  16  0:49  Assimilator  
  17  0:52  Assimilator  
  17  0:57  Probe (Chrono Boost)  
  18  1:06  Gateway  
  18  1:07  Probe (Chrono Boost)  
  19  1:17  Probe (Chrono Boost)  
  20  1:26  Cybernetics Core, Probe (Chrono Boost)  
  21  1:32  Pylon  
  21  1:37  Probe (Chrono Boost)  
  22  1:47  Probe (Chrono Boost)  
  24  2:02  Stalker  
  24  2:03  Stalker, Mothership Core (Chrono Boost)  
  29  2:09  Warp Gate  
  29  2:23  Probe (Chrono Boost)  
  30  2:31  Pylon  
  30  2:33  Pylon  
  30  2:35  Pylon  
  30  2:43  Pylon  
  30  2:44  Pylon  
  30  2:53  Probe (Chrono Boost)  
  30  2:54  Pylon x2  
  31  3:10  Probe (Chrono Boost)  
  32  3:24  Adept  
  30  3:27  Adept  
  30  3:30  Nexus  
  32  3:41  Stargate  
  32  3:54  Adept x2  
  35  4:00  Probe (Chrono Boost)  
  34  4:18  Robotics Facility  
  34  4:27  Pylon  
  34  4:28  Probe (Chrono Boost)  
  34  4:29  Pylon  
  34  4:30  Oracle (Chrono Boost)  
  38  4:39  Mothership Core (Chrono Boost)  
  38  4:45  Probe (Chrono Boost)  
  37  4:54  Probe  
  37  4:59  Stalker x2  
  42  5:04  Probe  
  42  5:05  Probe  
  44  5:11  Immortal (Chrono Boost)  
  48  5:14  Probe  
  48  5:19  Probe  
  50  5:23  Sentry  
  50  5:24  Sentry, Probe  
  55  5:31  Probe  
  55  5:34  Probe  
  56  5:38  Pylon  
  56  5:40  Pylon  
  57  5:44  Probe, Observer (Chrono Boost)  
  59  5:52  Adept  
  59  5:56  Adept  
  63  5:57  Twilight Council  
  63  5:58  Probe  
  63  6:00  Probe  
  65  6:04  Assimilator  
  65  6:05  Assimilator  
  65  6:08  Probe  
  66  6:13  Probe  
  66  6:15  Immortal (Chrono Boost)  
  71  6:20  Probe, Pylon  
  71  6:25  Probe  
  73  6:38  Probe  
  74  6:42  Adept x2  
  74  6:45  Pylon  
  78  6:48  Warp Prism (Chrono Boost)  
  80  7:00  Shield Upgrade  
  80  7:02  Gateway x2  
  80  7:06  Gateway  
  80  7:08  Gateway  
  80  7:14  Forge  
  80  7:23  Adept x2  
  81  7:30  Pylon  
  81  7:33  Immortal (Chrono Boost), Pylon  
  85  7:46  Adept  
  85  7:47  Adept, Phoenix (Chrono Boost)  
  91  7:54  Photon Cannon  
  91  8:18  Photon Cannon  
  91  8:19  Adept  
  93  8:20  Adept x2  
  93  8:26  Adept x3  
  95  8:40  Adept  
  95  8:41  Adept x2  
  91  8:46  Immortal  
  91  8:50  Adept x3  
  93  9:05  Adept x3  
  93  9:19  Adept x3  
  93  9:24  Adept  
  86  9:28  Adept x2  
Show
View Real Time Build Order
Export as new Build Order

SolaCe Protoss - Winner!

Build Orders: 1 Gate Expand 

Get SALT Encoding   

  12  0:00  Probe (Chrono Boost)  
  13  0:10  Probe (Chrono Boost)  
  14  0:19  Pylon  
  14  0:21  Probe (Chrono Boost)  
  15  0:36  Probe (Chrono Boost)  
  15  0:40  Gateway  
  16  0:46  Probe (Chrono Boost)  
  17  0:56  Probe (Chrono Boost)  
  18  1:06  Probe (Chrono Boost)  
  19  1:13  Nexus  
  19  1:16  Probe (Chrono Boost)  
  20  1:23  Assimilator  
  20  1:29  Cybernetics Core  
  20  1:31  Probe (Chrono Boost)  
  21  1:36  Assimilator  
  21  1:41  Probe (Chrono Boost)  
  22  1:47  Pylon  
  22  1:51  Probe (Chrono Boost)  
  23  1:58  Gateway  
  23  2:05  Probe (Chrono Boost)  
  24  2:15  Mothership Core (Chrono Boost)  
  26  2:18  Adept (Chrono Boost)  
  28  2:31  Pylon  
  28  2:34  Pylon  
  28  2:36  Pylon  
  28  2:41  Pylon  
  28  2:49  Pylon  
  28  2:54  Pylon  
  28  2:55  Probe  
  28  2:56  Stalker (Chrono Boost)  
  31  3:03  Stalker (Chrono Boost)  
  31  3:18  Probe  
  31  3:19  Probe  
  29  3:30  Probe  
  29  3:32  Probe  
  31  3:42  Probe  
  31  3:44  Probe  
  33  3:55  Probe  
  34  3:56  Probe  
  34  4:00  Stalker (Chrono Boost)  
  37  4:13  Probe x2  
  39  4:18  Warp Gate (Chrono Boost)  
  39  4:21  Adept (Chrono Boost)  
  41  4:25  Probe x2  
  41  4:37  Probe  
  40  4:41  Probe (Chrono Boost)  
  39  4:49  Probe (Chrono Boost)  
  40  4:55  Probe (Chrono Boost)  
  40  4:59  Probe (Chrono Boost), Robotics Facility  
  41  5:05  Probe (Chrono Boost)  
  43  5:09  Probe (Chrono Boost)  
  43  5:14  Probe (Chrono Boost)  
  44  5:20  Probe  
  46  5:23  Probe  
  46  5:25  Twilight Council  
  46  5:32  Probe  
  46  5:33  Probe  
  47  5:43  Probe  
  47  5:44  Probe  
  47  5:48  Pylon  
  49  5:53  Probe, Observer  
  49  5:56  Probe  
  52  6:03  Probe  
  52  6:07  Gateway  
  52  6:08  Gateway  
  52  6:09  Probe  
  52  6:10  Gateway  
  54  6:13  Probe  
  54  6:17  Stalker x2  
  57  6:21  Probe  
  58  6:30  Gateway  
  58  6:31  Warp Prism  
  58  6:32  Gateway  
  60  6:33  Probe  
  60  6:34  Probe  
  62  6:42  Adept x2, Shield Upgrade (Chrono Boost)  
  66  6:49  Forge  
  66  6:54  Gateway  
  65  7:06  Pylon  
  65  7:07  Adept x4  
  73  7:14  Adept  
  75  7:19  Pylon  
  73  7:30  Adept x3  
  73  7:31  Adept x2  
  73  7:33  Adept  
  73  7:36  Adept  
  86  7:54  Observer  
  86  7:55  Adept x5  
  86  7:56  Adept  
  99  7:59  Adept  
  101  8:09  Pylon  
  101  8:11  Pylon  
  101  8:17  Pylon  
  100  8:20  Sentry  
  101  8:32  Sentry x2  
  94  8:35  Adept x2  
  94  8:36  Adept  
  94  8:43  Probe x2  
  95  8:49  Sentry  
  96  9:06  Probe  
  96  9:09  Probe  
  98  9:11  Assimilator  
  98  9:12  Assimilator  
  98  9:14  Adept x2  
  98  9:15  Adept x3  
  108  9:18  Probe  
Tags
 
Add a new tag
Caveats
  • Supply blocks, unpowered buildings, or Contaminate may cause inaccurate times.
  • Supply counts are checked every 10 seconds.